 Dungeon Crawl Stone Soup version bcrawl-1.19.1 (webtiles) character file.

Game seed: 12327805964795301901

168 Revguard the Ruffian (level 5, -6/42 HPs)
             Began as a Draconian Transmuter on Nov 27, 2019.
             Was an Initiate of Makhleb.
             Mangled by a gnoll
             ... wielding a +0 halberd of protection
              (17 damage)
             ... on level 3 of the Dungeon.
             The game lasted 00:10:30 (3453 turns).

Revguard the Ruffian (Draconian Transmuter)         Turns: 3453, Time: 00:10:31

Health: -6/42      AC:  6    Str: 13    XL:     5   Next: 24%
Magic:  3/9        EV: 12    Int: 13    God:    Makhleb [......]
Gold:   230        SH:  0    Dex: 12    Spells: 1/9 levels left

rFire    . . .     SeeInvis .     - Unarmed
rCold    . . .     Gourm    .   (no shield)
rNeg     + . .     Faith    .   (armour unavailable)
rPois    .         Spirit   .   (helmet restricted)
rElec    .         Reflect  .   f - +0 cloak
rCorr    .         Harm     .   (no gloves)
MR       .....     Rnd*Tele +   (boots currently unavailable)
Stlth    +.........             (no amulet)
HPRegen  0.14/turn              n - ring of positive energy
MPRegen  0.11/turn              g - ring of teleportation (curse)

@: appendage (expiring), very slightly contaminated
A: unfitting armour, talons 3, cold-blooded, AC +5
a: End Transformation, Renounce Religion


You were on level 3 of the Dungeon.
You worshipped Makhleb.
Makhleb was noncommittal.
You were hungry.
You had grown temporary talons.
You visited 1 branch of the dungeon, and saw 3 of its levels.

You collected 230 gold pieces.

Inventory:

Armour
 f - a +0 cloak (worn)
 k - a +0 hat
Jewellery
 b - an uncursed ring of poison resistance
 g - a cursed ring of teleportation (right hand)
 n - a ring of positive energy (left hand)
Scrolls
 m - 2 scrolls of teleportation
Potions
 c - 2 potions of lignification
 e - a potion of invisibility
 i - 2 potions of agility
 l - a potion of flight
Comestibles
 d - 6 rations {!d}


   Skills:
 * Level 2.4 Fighting
 + Level 2.3 Dodging
 + Level 4.0 Unarmed Combat
 + Level 2.8 Spellcasting
 + Level 2.8 Transmutations
 * Level 1.1 Invocations


You had one spell level left.
You knew the following spells:

 Your Spells              Type           Power        Failure   Level  Hunger
a - Beastly Appendage     Tmut           #.....       8%          1    #......
b - Sticks to Snakes      Tmut           #.......     11%         2    ###....
c - Blade Hands           Tmut           #.........   90%         5    ######.

Your spell library contained the following spells:

 Spells                   Type           Power        Failure   Level  Hunger
 Spider Form              Tmut/Pois      #..          36%         3    ###....
 Ice Form                 Ice/Tmut       #.......     78%         4    #####..


Dungeon Overview and Level Annotations

Branches:
Dungeon (3/12)

Altars:
Makhleb
Trog
Wu Jian
Xom


Innate Abilities, Weirdness & Mutations

Your plain brown scales are hard. (AC +5)
You cannot fit into any form of body armour.
You are cold-blooded and may be slowed by cold attacks.
You have claws for feet.


Message History

Confirm with . or Enter, or press ? or * to list all spells.
The spell is very dangerous to cast (90% risk of failure)!
Continue anyway?
You miscast Blade Hands.
You are very lightly contaminated with residual magic.
The air around you crackles with energy!
The gnoll completely misses you.
The gnoll hits you from afar with a +0 spear!
You see here a +0 whip.
You hit the gnoll but do no damage.
The gnoll hits you from afar with a +0 spear!
* * * LOW HITPOINT WARNING * * *
The gnoll closely misses you.
You closely miss the gnoll. Your kick misses the gnoll.
The gnoll completely misses you. The gnoll closely misses you.
You hit the gnoll.
The gnoll is lightly wounded.
Your transformation is almost over.
The gnoll hits you but does no damage.
The gnoll hits you with a +0 halberd of protection!
You die...

### #.# ### #@#
##.#############g######
................gg....#
##.###(##...........#.#
#.....#...##.##.##.#.#
##.##..#...##.##.##.#.####
.......'......[)<.........
...##..#...##.##.#..#.####
..................>.#.#


You could see 3 gnolls.

Vanquished Creatures
  An orc priest (D:3)
  A gnoll (D:3)
  2 adders
  An ooze (D:3)
  An adder skeleton (D:3)
  2 worms (D:3)
  3 dart slugs (D:3)
  4 leopard geckos
  An orc (D:3)
  2 ball pythons (D:2)
  A giant cockroach (D:2)
  3 goblins
  10 hobgoblins
  4 jackals (D:1)
  2 quokkas (D:2)
  A bat (D:1)
  9 kobolds
  4 rats
52 creatures vanquished.

Vanquished Creatures (collateral kills)
  An orc wizard (D:3)
  2 adders (D:3)
  A giant cockroach (D:3)
  A quokka (D:2)
5 creatures vanquished.

Grand Total: 57 creatures vanquished

Notes
Turn   | Place    | Note
-------+----------+-------------------------------------------
     0 | D:1      | Revguard the Draconian Transmuter began the quest for the
                  | Orb.
     0 | D:1      | Reached XP level 1. HP: 16/16 MP: 3/3
   253 | D:1      | Reached XP level 2. HP: 22/23 MP: 3/5
   257 | D:1      | Learned a level 2 spell: Sticks to Snakes
  1125 | D:2      | Reached XP level 3. HP: 17/29 MP: 4/6
  1703 | D:2      | Found a burning altar of Makhleb.
  1711 | D:2      | Found a shimmering altar of Xom.
  1720 | D:2      | Became a worshipper of Makhleb the Destroyer
  1741 | D:2      | Found an ornate altar of the Wu Jian Council.
  1935 | D:2      | Found a bloodstained altar of Trog.
  2294 | D:3      | HP: 1/29 [adder (1)]
  2299 | D:3      | Reached XP level 4. HP: 2/36 MP: 4/7
  2857 | D:3      | Reached skill level 4 in Unarmed Combat
  2857 | D:3      | Reached skill level 1 in Invocations
  2857 | D:3      | Reached XP level 5. HP: 16/42 MP: 6/9
  2922 | D:2      | Learned a level 5 spell: Blade Hands
  3453 | D:3      | Mangled by a gnoll

Skill      XL: |  1  2  3  4 |
---------------+-------------+-----
Dodging        | 2 |  2.3
Fighting       | 2 |  2.4
Unarmed Combat | 4 |  4.0
Invocations    | 1 |  1.1
Spellcasting   | |  2.8
Transmutations | |  2.8

Action                   |  1- 3 |  4- 6 || total
-------------------------+-------+-------++-------
Melee: Unarmed           |   133 |    61 ||   194
       Tailslap          |    14 |     6 ||    20
       Headbutt          |    11 |     1 ||    12
       Kick              |     6 |     9 ||    15
 Cast: Beastly Appendage |    18 |     9 ||    27
       Sticks to Snakes  |     8 |     4 ||    12
  Use: Scroll            |     5 |     1 ||     6
       Potion            |     2 |     4 ||     6
  Eat: Chunk             |     5 |     4 ||     9
Armor: Skin              |    39 |    24 ||    63
Dodge: Dodged            |   103 |    53 ||   156
